 Dungeon Crawl Stone Soup version 0.22.1-1-ga44c0e5 (webtiles) character file.

190 bloo the Digger (level 5, -1/28 HPs)
             Began as a Gargoyle Earth Elementalist on Oct 5, 2018.
             Slain by Edmund
             ... wielding a +1 antimagic flail
              (2 damage)
             ... on level 5 of the Dungeon.
             The game lasted 00:17:50 (3682 turns).

bloo the Digger (Gargoyle Earth Elementalist)       Turns: 3682, Time: 00:17:50

Health: -1/28      AC:  6    Str: 12    XL:     5   Next: 69%
Magic:  0/8        EV: 12    Int: 16    God:
Gold:   233        SH:  0    Dex: 10    Spells: 4/8 levels left

rFire    . . .     SeeInvis .   e - +0 club
rCold    . . .     Gourm    .   (no shield)
rNeg     + . .     Faith    .   c - +0 robe
rPois    ∞         Spirit   .   (no helmet)
rElec    +         Reflect  .   (no cloak)
rCorr    .         Harm     .   (no gloves)
MR       .....                  (no boots)
Stlth    ++........             (no amulet)
HPRegen  0.09/turn              (no ring)
MPRegen  0.11/turn              (no ring)

@: very slightly contaminated
A: negative energy resistance 1, electricity resistance, unbreathing,
petrification resistance, rot immunity, AC +4
a: no special abilities


You were on level 5 of the Dungeon.
You were hungry.

You visited 1 branch of the dungeon, and saw 5 of its levels.

You collected 233 gold pieces.

Inventory:

Hand Weapons
 e - a +0 club (weapon)
 r - a +1 hunting sling
Missiles
 b - 2 stones (quivered)
Armour
 c - a +0 robe (worn)
Jewellery
 g - an uncursed amulet of guardian spirit {unknown}
Scrolls
 i - a scroll of enchant weapon
 l - 6 scrolls of remove curse
 o - 5 scrolls of teleportation
 p - a scroll of magic mapping
 t - 2 scrolls of fear {unknown}
 u - a scroll of blinking {unknown}
Potions
 a - 2 potions of heal wounds {unknown}
 f - 3 potions of curing {unknown}
 h - a potion of agility {unknown}
 j - 4 potions of degeneration {unknown}
 k - a potion of lignification {unknown}
 m - a potion of haste {unknown}
 n - a potion of ambrosia {unknown}
 q - a potion of flight {unknown}
Comestibles
 d - 2 rations


   Skills:
 + Level 0.1 Fighting
 - Level 1.5 Dodging
 - Level 2.1 Stealth
 - Level 2.0 Spellcasting
 * Level 1.2 Conjurations
   Level 0.7 Transmutations
 + Level 7.2 Earth Magic


You had 4 spell levels left.
You knew the following spells:

 Your Spells              Type           Power        Failure   Level  Hunger
a - Sandblast             Erth           ###...       1%          1    #......
b - Stone Arrow           Conj/Erth      ###...       11%         3    ###....

Your spell library contained the following spells:

 Spells                   Type           Power        Failure   Level  Hunger
 Passwall                 Tmut/Erth      ##......     6%          2    ###....
 Petrify                  Tmut/Erth      ##......     38%         4    #####..
 Lee's Rapid Deconstruct  Erth           ###.......   28%         5    ######.


Dungeon Overview and Level Annotations

Branches:
Dungeon (5/15)             Temple (0/1) D:4

Altars:
Elyvilon
Nemelex Xobeh
Uskayaw
Xom
Zin
The Shining One

Annotations:
D:4 Sigmund
D:5 Edmund


Innate Abilities, Weirdness & Mutations

You are resistant to torment.
Your stone body is resilient. (AC +4)
You are immune to poison.
You resist negative energy. (rN+)
You are resistant to electric shocks. (rElec)
You can survive without breathing.
You are immune to petrification.
You are immune to rotting.


Message History

Press: ? - help, Shift-Dir - straight line, f/p - Edmund
Aim: Edmund, wielding an antimagic flail and wearing a scale mail (moderately You miscast Stone Arrow.
You are very lightly contaminated with residual magic.
You hear a distant rumble.
You are feeling hungry.
Edmund hits you with an antimagic flail!
* * * LOW HITPOINT WARNING * * *
Unknown command.
Casting: Stone Arrow (safe; 11% risk of failure)
Confirm with . or Enter, or press ? or * to list all spells.
You don't have enough magic to cast that spell.
Unknown command.
Casting: Stone Arrow (safe; 11% risk of failure)
Confirm with . or Enter, or press ? or * to list all spells.
You don't know that spell.
You barely miss Edmund.
Edmund is moderately wounded.
Edmund hits you with an antimagic flail.
You die...

.# #### #.# #..
..# #.# ..#
#.####..#
##@#.....#
##..@a....####.
#......#..........
#...(.....<...)...
#.................
#......#....#...!.
#......#....# .###
#####........ #
##........


You could see Edmund and a worker ant.

Vanquished Creatures
  An ogre (D:4)
  3 adders
  3 worms (D:2)
  4 dart slugs
  2 leopard geckos
  An orc (D:4)
  5 bats
  6 giant cockroaches
  3 goblins
  6 hobgoblins
  4 jackals (D:2)
  A quokka (D:3)
  3 frilled lizards
  9 kobolds
  7 rats
58 creatures vanquished.

Notes
Turn   | Place    | Note
-------+----------+-------------------------------------------
     0 | D:1      | bloo the Gargoyle Earth Elementalist began the quest for
                  | the Orb.
     0 | D:1      | Reached XP level 1. HP: 10/10 MP: 3/3
   129 | D:1      | Reached skill level 4 in Earth Magic
   168 | D:1      | Reached XP level 2. HP: 15/15 MP: 0/5
   928 | D:1      | Reached skill level 5 in Earth Magic
   928 | D:1      | Reached XP level 3. HP: 19/19 MP: 4/6
  1518 | D:2      | Found a glowing golden altar of the Shining One.
  1637 | D:2      | Reached XP level 4. HP: 24/24 MP: 4/7
  1675 | D:2      | Learned a level 3 spell: Stone Arrow
  1915 | D:2      | Found a white marble altar of Elyvilon.
  2163 | D:2      | Reached skill level 6 in Earth Magic
  2227 | D:2      | Found a glowing silver altar of Zin.
  2234 | D:2      | Noticed an angel
  2237 | D:2      | Found a shimmering altar of Xom.
  2448 | D:3      | Found a sparkling altar of Nemelex Xobeh.
  2715 | D:3      | Noticed a hand axe
  2716 | D:3      | Noticed a hand axe
  2799 | D:3      | Found a hide-covered altar of Uskayaw.
  3399 | D:4      | Noticed an ogre
  3426 | D:4      | Killed an ogre
  3426 | D:4      | Reached skill level 1 in Conjurations
  3426 | D:4      | Reached skill level 7 in Earth Magic
  3426 | D:4      | Reached XP level 5. HP: 14/28 MP: 0/8
  3626 | D:4      | Found a staircase to the Ecumenical Temple.
  3629 | D:4      | Noticed Sigmund
  3670 | D:5      | Entered Level 5 of the Dungeon
  3670 | D:5      | Noticed Edmund
  3681 | D:5      | HP: 1/28 [Edmund/antimagic flail (10)]
  3682 | D:5      | Slain by Edmund

Skill      XL: |  1  2  3  4 |
---------------+-------------+-----
Earth Magic    | 4 5 7 |  7.2
Conjurations   | 1 |  1.2
Fighting       | |  0.1
Dodging        | |  1.5
Stealth        | |  2.1
Spellcasting   | |  2.0
Transmutations | |  0.7

Action                   |  1- 3 |  4- 6 || total
-------------------------+-------+-------++-------
Melee: Club              |     5 |     9 ||    14
 Cast: Sandblast         |    46 |    32 ||    78
       Stone Arrow       |       |    14 ||    14
  Use: Scroll            |     2 |     2 ||     4
  Eat: Chunk             |     3 |     8 ||    11
Armor: Robe              |     3 |     8 ||    11
Dodge: Dodged            |     8 |    14 ||    22
